 Dungeon Crawl Stone Soup version 0.31.0-12-g77e489cdc1 (webtiles) character file.

Game seed: 3529940104916511429

584 H0rd4k the Cutter (level 7, 0/49 HPs)
             Began as an Octopode Artificer on Mar 6, 2024.
             Succumbed to a scorpion's poison
             ... on level 4 of the Dungeon.
             The game lasted 00:04:01 (3955 turns).

H0rd4k the Cutter (Octopode Artificer)              Turns: 3955, Time: 00:04:01

Health: 0/49       AC:  1    Str: 11    XL:     7   Next: 37%
Magic:  0/7        EV: 13    Int: 16    God:
Gold:   250        SH:  0    Dex: 12    Spells: 6/6 levels left

rFire   . . .        e - +0 short sword (drain)
rCold   . . .        (no shield)
rNeg    . . .        (helmet restricted)
rPois   .            a - amulet of guardian spirit
rElec   .            (no ring)
rCorr   .            (no ring)
SInv    .            (no ring)
Will    .....        (no ring)
Stlth   +++          (no ring)
HPRegen 0.28/turn    (no ring)
MPRegen 0.10/turn    (no ring)
                     (no ring)

%: clarity, guardian spirit
@: brilliant, lethally poisoned (0 -> -10)
A: almost no armour, amphibious, 8 rings, camouflage 1, gelatinous body 1,
(nimble swimmer 1), tentacles, clarity, screaming 1
a: no special abilities


You were on level 4 of the Dungeon.
You visited 1 branch of the dungeon, and saw 4 of its levels.

You collected 250 gold pieces.

Inventory:

Hand Weapons
 e - a +0 short sword of draining (weapon)
 g - a +2 dagger of venom
Missiles
 k - a throwing net
Armour
 t - an orb of guile
 u - an orb of energy
Magical Staves
 q - a staff of air
Jewellery
 a - an amulet of guardian spirit (around mantle)
 v - a +6 ring of strength
Wands
 b - a wand of flame (16) (quivered)
 c - a wand of charming (2)
 d - a wand of iceblast (3)
Scrolls
 f - a scroll of fear {unknown}
 h - 2 scrolls of identify {unknown}
 i - a scroll of vulnerability {unknown}
 j - 3 scrolls of amnesia {unknown}
 l - a scroll of acquirement {unknown}
 m - 3 scrolls of revelation {unknown}
 n - 2 scrolls of teleportation {unknown}
Potions
 o - a potion of invisibility {unknown}
 r - a potion of magic {unknown}
 s - a potion of attraction {unknown}


   Skills:
 + Level 4.7 Fighting
 + Level 5.2 Short Blades
 - Level 2.3 Dodging
 - Level 1.3 Stealth
 + Level 2.2 Unarmed Combat
 - Level 3.2 Evocations


You had 6 spell levels left.
You didn't know any spells.
Your spell library contained the following spells:

 Spells                   Type           Power      Damage    Failure   Level
 Cause Fear               Hex            0%         N/A       94%         4
 Fireball                 Conj/Fire      0%         3d3       100%        5
 Dragon's Call            Summ           0%         N/A       100%        9


Dungeon Overview and Level Annotations

Branches:
Dungeon (4/15)
 Temple: D:4-7

Altars:
Wu Jian

Annotations:
D:4 Edmund


Innate Abilities, Weirdness & Mutations

You cannot wear most types of armour.
You are amphibious.
You can wear up to eight rings at the same time.
Your skin changes colour to match your surroundings (Stealth+).
Your rubbery body absorbs attacks. (AC +1, EV +1)
((You are camouflaged when in or above water. (Stealth+)))
You have tentacles for arms and can constrict up to eight enemies at once.
You possess an exceptional clarity of mind.
You occasionally shout uncontrollably at your foes.


Message History

You hit the scorpion. You grab the scorpion.
Your tentacle-slap misses the scorpion.
The scorpion is moderately wounded.
You constrict the scorpion, but do no damage.
You feel very sick. The scorpion misses you.
Aiming: Charm
Press: ? - help, Shift-Dir - straight line, f - scorpion
Aim: a scorpion (moderately wounded, constricted by you, chance to affect: 57%)
The scorpion resists with significant effort.
You constrict the scorpion, but do no damage.
* * * LOW HITPOINT WARNING * * *
You feel very sick. The scorpion stings you.
* * * LOW HITPOINT WARNING * * *
Aiming: Charm
Press: ? - help, Shift-Dir - straight line, f/p - scorpion
Aim: a scorpion (moderately wounded, constricted by you, chance to affect: 57%)
The scorpion resists with significant effort.
You constrict the scorpion, but do no damage.
* * * LOW HITPOINT WARNING * * *
You feel very sick. The scorpion stings you.
* * * LOW HITPOINT WARNING * * *
You feel better.
You constrict the scorpion. The scorpion stings you.
* * * LOW HITPOINT WARNING * * *
You are lethally poisoned!
The scorpion poisons you! The scorpion barely misses you.
Aiming: Charm
Press: ? - help, Shift-Dir - straight line, f/p - scorpion
Aim: a scorpion (moderately wounded, constricted by you, chance to affect: 57%)
The scorpion resists with significant effort.
You constrict the scorpion.
* * * LOW HITPOINT WARNING * * *
You feel very sick. The scorpion barely misses you.
It was a potion of brilliance.
You feel clever all of a sudden.
You constrict the scorpion, but do no damage.
You die...

..#
#.....#.##.......#######
..#
###...#...........#.....
.##
######..............##
.# #..........##### ##
#### #..........# #
....# ##...........# #
...o.# #............#
.o.K..# #..##.......##
...o...###@###.......#
..o.....#s## ##.....##
#o....oo# ######.## ####
#..# ...##### ##.##
.......#####..#
..........##.##
.............#


You could see a scorpion, an orc wizard and an orc.

Vanquished Creatures
  Menkaure (D:4)
  An ogre (D:4)
  A scorpion (D:4)
  A hound (D:4)
  An orc priest (D:3)
  Terence (D:3)
  Jessica (D:3)
  Natasha (thrice) (D:1)
  An orc wizard (D:4)
  Ijyb (D:3)
  A gnoll (D:1)
  4 adders (D:3)
  A dart slug (D:1)
  A ribbon worm (D:4)
  3 orcs
  8 ball pythons
  7 endoplasms
  4 giant cockroaches
  9 goblins
  6 hobgoblins
  2 jackals
  7 kobolds
  4 quokkas
  3 bats
  3 frilled lizards
  5 rats
80 creatures vanquished.

Vanquished Creatures (collateral kills)
  4 orcs
  A giant cockroach (D:4)
  A goblin (D:4)
  3 jackals (D:4)
  2 ball pythons (D:2)
  A kobold (D:4)
12 creatures vanquished.

Vanquished Creatures (others)
  An adder (D:2)
  An orc (D:3)
2 creatures vanquished.

Grand Total: 94 creatures vanquished

Notes
Turn   | Place    | Note
-------+----------+-------------------------------------------
     0 | D:1      | H0rd4k the Octopode Artificer began the quest for the Orb.
     0 | D:1      | Reached XP level 1. HP: 13/13 MP: 1/1
   200 | D:1      | Reached skill level 1 in Unarmed Combat
   200 | D:1      | Reached XP level 2. HP: 18/18 MP: 2/2
   404 | D:1      | Reached XP level 3. HP: 21/24 MP: 3/3
   726 | D:1      | Reached skill level 1 in Short Blades
   969 | D:1      | Found a faded altar of an unknown god.
  1094 | D:2      | Noticed Natasha
  1109 | D:1      | Killed Natasha
  1110 | D:1      | Reached XP level 4. HP: 10/30 MP: 4/4
  1296 | D:1      | Noticed Natasha
  1303 | D:1      | Killed Natasha
  1304 | D:1      | Reached skill level 2 in Short Blades
  1329 | D:1      | Noticed Natasha
  1333 | D:1      | Killed Natasha
  1334 | D:1      | Reached XP level 5. HP: 36/36 MP: 5/5
  2036 | D:3      | Noticed Terence
  2044 | D:3      | Reached skill level 3 in Short Blades
  2072 | D:3      | Your ally Terence died
  2418 | D:3      | Noticed Jessica
  2423 | D:3      | Killed Jessica
  2424 | D:3      | Reached XP level 6. HP: 37/42 MP: 6/6
  2626 | D:3      | Noticed Ijyb
  2636 | D:3      | Killed Ijyb
  2750 | D:3      | Found an ornate altar of the Wu Jian Council.
  3205 | D:4      | Noticed Menkaure
  3209 | D:4      | Killed Menkaure
  3210 | D:4      | Reached skill level 4 in Short Blades
  3213 | D:4      | Noticed Edmund
  3339 | D:4      | Reached XP level 7. HP: 33/47 MP: 4/7
  3597 | D:4      | Reached skill level 5 in Short Blades
  3622 | D:4      | Gained mutation: You occasionally shout uncontrollably at
                  | your foes. [potion of mutation]
  3622 | D:4      | Gained mutation: You possess an exceptional clarity of
                  | mind. [potion of mutation]
  3952 | D:4      | HP: 2/49 [scorpion (3)]
  3955 | D:4      | Succumbed to a scorpion's poison

Illustrated notes

Levels and vault maps discovered:
D:1:      lemuel_arrival_cross, layout_loops_corners,
          shapermc_ecumenical_altar_flowoftime, minmay_box_of_dots
D:2:      layout_rooms, minmay_misc_feat_alley, nrook_mini_backslash,
          minmay_shallow_snake_nest, uniq_natasha
D:3:      layout_loops_corners, mainiacjoe_overflow_paths, uniq_ijyb,
          uniq_jessica, uniq_terence
D:4:      layout_cave_pods, uniq_edmund, uniq_menkaure

Skill      XL: |  1  2  3  4  5  6  7 |
---------------+----------------------+-----
Unarmed Combat | 1 2 |  2.2
Fighting       | 2 3 4 |  4.7
Short Blades   | 1 2 3 4 5 |  5.2
Dodging        | |  2.3
Stealth        | |  1.3
Evocations     | |  3.2

Action                     |  1- 3 |  4- 6 |  7- 9 || total
---------------------------+-------+-------+-------++-------
  Melee: Unarmed           |    10 |       |       ||    10
         Short sword       |    52 |    79 |    48 ||   179
         Tentacles         |     8 |    19 |     8 ||    35
         Constrict         |     8 |    15 |     7 ||    30
         Punch             |     3 |     3 |       ||     6
  Evoke: Wand              |     4 |    11 |     5 ||    20
    Use: Potion            |       |     2 |     3 ||     5
   Stab: Sleeping          |    10 |    10 |       ||    20
 Armour: Skin              |    35 |    53 |    32 ||   120
  Dodge: Dodged            |    27 |    45 |    22 ||    94
